 Dungeon Crawl Stone Soup version 0.26-a0-29-gb080af9 (webtiles) character file.

Game seed: 7710316892058618464, levelgen mode: deterministic

561 Balder the Cudgeler (level 7, -3/67 HPs)
             Began as a Troll Fighter on May 29, 2020.
             Killed from afar by a white imp (10 damage)
             ... with a puff of frost
             ... summoned by Eustachio
             ... on level 5 of the Dungeon.
             The game lasted 00:15:40 (3490 turns).

Balder the Cudgeler (Troll Fighter)                 Turns: 3490, Time: 00:15:45

Health: -3/67      AC:  6    Str: 25      XL:     7   Next: 9%
Magic:  6/6        EV:  8    Int:  4      God:
Gold:   165        SH:  8    Dex:  6 (11) Spells: 6/6 levels left

rFire    . . .     SeeInvis .     - Unarmed
rCold    . . .     Gourm    +   c - +0 kite shield
rNeg     . . .     Faith    .   m - +0 robe
rPois    .         Spirit   .   (helmet restricted)
rElec    .         Reflect  .   (no cloak)
rCorr    .         Harm     .   (gloves unavailable)
MR       .....                  (boots unavailable)
Stlth    +.........             (no amulet)
HPRegen  0.61/turn              (no ring)
MPRegen  0.10/turn              (no ring)

@: no status effects
A: large, unfitting armour, claws 3, fast metabolism 3, gourmand, regeneration
1, shaggy fur 1, tough skin 3
a: no special abilities


You were on level 5 of the Dungeon.
You were very full.

You visited 1 branch of the dungeon, and saw 5 of its levels.

You collected 165 gold pieces.

Inventory:

Hand Weapons
 b - a +1 mace of pain
 r - a +0 flail
Missiles
 d - 17 poisoned darts
 o - 2 boomerangs (quivered)
Armour
 c - a +0 kite shield (worn)
 m - a +0 robe (worn)
Jewellery
 g - an uncursed ring of stealth
Scrolls
 h - a scroll of enchant weapon {unknown}
 j - 3 scrolls of identify
 n - 2 scrolls of remove curse {unknown}
 s - a scroll of amnesia {unknown}
 t - a scroll of fog {unknown}
Potions
 e - a potion of haste {unknown}
 i - a potion of mutation {unknown}
 k - a potion of brilliance {unknown}
 l - a potion of stabbing {unknown}
 p - a potion of degeneration {unknown}
 q - a potion of invisibility {unknown}
Comestibles
 f - 8 rations


   Skills:
 * Level 3.5 Fighting
 * Level 3.9 Maces & Flails
 * Level 2.0 Throwing
 * Level 3.5 Dodging
 + Level 0.4 Stealth
 * Level 3.3 Shields
 * Level 2.2 Unarmed Combat


You had 6 spell levels left.
You didn't know any spells.
Your spell library contained the following spells:

 Spells                   Type           Power        Failure   Level  Hunger
 Confusing Touch          Hex            #.......     99%         3    ####...
 Gell's Gravitas          Tloc           #.........   99%         3    ####...
 Petrify                  Tmut/Erth      #.......     100%        4    #####..
 Metabolic Englaciation   Hex/Ice        #.........   100%        5    ######.
 Yara's Violent Unravell  Hex/Tmut       #.........   100%        5    ######.


Dungeon Overview and Level Annotations

Branches:
Dungeon (5/15)
 Temple: D:4-7

Altars:
Dithmenos
Fedhas
Nemelex Xobeh
Sif Muna

Annotations:
D:5 Eustachio


Innate Abilities, Weirdness & Mutations

You are too large for most types of armour.
You have claws for hands.
Your metabolism is lightning-fast.
You like to eat raw meat.
Your natural rate of healing is unusually fast.
You are covered in fur. (AC +1)
You have extremely tough skin. (AC +3)


Message History

* * * LOW HITPOINT WARNING * * *
The white imp hits you but does no damage.
You block the quokka's attack.
You claw Eustachio!
Eustachio is almost dead.
You block Eustachio's attack. The white imp barely misses you.
You block the quokka's attack.
You scratch Eustachio but do no damage.
Eustachio is almost dead.
You block the quokka's attack.
The white imp hits you but does no damage.
Eustachio hits you with a +0 rapier.
* * * LOW HITPOINT WARNING * * *
You barely miss Eustachio.
Eustachio is almost dead.
The quokka bites you.
* * * LOW HITPOINT WARNING * * *
The white imp gestures at you. The puff of frost hits you!
You die...

.....# ##..........##
.....######..........##
#......##..####...####
###.......## ##..#
##....### #..# ##..##
#..# #.## #.## #.# #@.#
#.# #@5# #.# #.r# #.##
#..# # ###..# #..#
###....# ##..# ......##
#..# ####### #..# #
##.. .# ..#


You could see Eustachio, a white imp (summoned) and a quokka (summoned).

Vanquished Creatures
  Sigmund (D:2)
  A centaur zombie (D:4)
  A quasit (D:5)
  A centaur skeleton (D:5)
  An orc priest (D:4)
  2 orc wizards
  2 worker ants
  2 hound skeletons (D:4)
  5 adders
  An ooze (D:1)
  4 worms
  4 dart slugs
  3 leopard geckos
  16 orcs
  5 bats
  4 giant cockroaches
  4 goblins
  2 hobgoblins
  5 jackals
  A quokka (D:2)
  A ball python (D:4)
  3 frilled lizards
  4 kobolds
  5 rats
78 creatures vanquished.

Notes
Turn   | Place    | Note
-------+----------+-------------------------------------------
     0 | D:1      | Balder the Troll Fighter began the quest for the Orb.
     0 | D:1      | Reached XP level 1. HP: 22/22 MP: 0/0
   339 | D:1      | Found a sparkling altar of Nemelex Xobeh.
   363 | D:1      | Reached XP level 2. HP: 29/29 MP: 1/1
   807 | D:2      | Reached XP level 3. HP: 36/36 MP: 2/2
   919 | D:2      | Noticed Sigmund
   937 | D:2      | Killed Sigmund
   937 | D:2      | Reached skill level 1 in Throwing
   937 | D:2      | Reached skill level 1 in Unarmed Combat
   937 | D:2      | Reached XP level 4. HP: 25/45 MP: 3/3
   937 | D:2      | Reached XP level 5. HP: 29/53 MP: 4/4
  1170 | D:2      | Found a faded altar of an unknown god.
  1555 | D:3      | Found a shimmering blue altar of Sif Muna.
  1555 | D:3      | Found a blossoming altar of Fedhas.
  1835 | D:3      | Reached XP level 6. HP: 61/61 MP: 5/5
  2372 | D:4      | Found a shadowy altar of Dithmenos.
  2800 | D:4      | HP: 2/61 [something (2)]
  3211 | D:5      | Entered Level 5 of the Dungeon
  3280 | D:5      | Reached XP level 7. HP: 33/67 MP: 6/6
  3451 | D:5      | Noticed Eustachio
  3490 | D:5      | Killed from afar by a white imp

Illustrated notes

Levels and vault maps discovered:
D:1:      elethiomel_arrival_shortcut, layout_basic,
          nemelex_xobeh_ov_fountains_minmay
D:2:      layout_rooms, first_ration, chequers_ecumenical_altar_lobes,
          minmay_tree_intersection, uniq_sigmund
D:3:      layout_loops_corners, amethyst_overflow_temple_binary,
          hangedman_decor_riveting, chequers_serial_rivers_micro_e
D:4:      layout_cave_pods, old_standard_altar, serial_bayou_pond_d
D:5:      layout_layer_cave, lemuel_zombie_altar_kikubaaqudgha, uniq_eustachio

Skill      XL: |  1  2  3  4  5  6 |
---------------+-------------------+-----
Maces & Flails | 2 3 |  3.9
Fighting       | 3 |  3.5
Throwing       | 1 2 |  2.0
Unarmed Combat | 1 2 |  2.2
Dodging        | 3 |  3.5
Shields        | 3 |  3.3
Stealth        | |  0.4

Action                   |  1- 3 |  4- 6 |  7- 9 || total
-------------------------+-------+-------+-------++-------
Melee: Flail             |    55 |    32 |       ||    87
       Unarmed           |    10 |   110 |    41 ||   161
       Mace              |       |    81 |       ||    81
Throw: Boomerang         |       |    13 |       ||    13
       Dart              |       |     2 |       ||     2
  Use: Potion            |     1 |     1 |       ||     2
       Scroll            |       |     1 |       ||     1
 Stab: Sleeping          |       |     3 |       ||     3
       Distracted        |       |     1 |       ||     1
  Eat: Chunk             |    11 |    25 |       ||    36
Armor: Robe              |    12 |   101 |    20 ||   133
Dodge: Dodged            |    22 |    69 |    20 ||   111
Block: Kite shield       |    22 |   106 |    26 ||   154

Table legend:
 A = Non-vault XP
 B = Vault XP
 C = Vault XP percentage of total XP
 D = Non-vault monster count
 E = Vault monster count
 F = Vault count percentage of total count
                 A         B        C        D         E       F
            +---------+---------+-------+---------+---------+-------
      Total |     571 |     231 |  28.8 |      77 |       1 |   1.3
            +---------+---------+-------+---------+---------+-------
        D:1 |      19 |       0 |   0.0 |       8 |       0 |   0.0
        D:2 |      48 |     231 |  82.8 |      18 |       1 |   5.3
        D:3 |      96 |       0 |   0.0 |      22 |       0 |   0.0
        D:4 |     271 |       0 |   0.0 |      22 |       0 |   0.0
        D:5 |     137 |       0 |   0.0 |       7 |       0 |   0.0
            +---------+---------+-------+---------+---------+-------
